 Dungeon Crawl Stone Soup version 0.29.1-13-g9f3cf754e1 (webtiles) character file.

Game seed: 13507016501271324740

173 KittyFluff the Cudgeller (level 5, 0/49 HPs)
             Began as a Gargoyle Berserker on Jan 22, 2023.
             Was a Believer of Trog.
             Slain by a black bear (3 damage)
             ... on level 4 of the Dungeon.
             The game lasted 00:12:34 (2799 turns).

KittyFluff the Cudgeller (Gargoyle Berserker)       Turns: 2799, Time: 00:12:35

Health: 0/49       AC:  7    Str: 20    XL:     5   Next: 53%
Magic:  5/5        EV: 10    Int:  8    God:    Trog [**....]
Gold:   111        SH:  8    Dex: 17    Spells: 4/4 levels left

rFire   . . .      SeeInvis +   a - +0 mace
rCold   . . .      Faith    .   q - +0 kite shield
rNeg    + . .      Spirit   .   b - +0 animal skin
rPois   ∞          Reflect  .   (no helmet)
rElec   +          Harm     .   g - +0 cloak
rCorr   .          Rampage  .   (no gloves)
Will    .....                   (no boots)
Stlth   ..........              (no amulet)
HPRegen 0.16/turn               f - +6 ring of dexterity
MPRegen 0.09/turn               v - ring of see invisible

@: berserking, very quick
A: sickness immunity, AC +4, negative energy resistance 1, electricity
resistance, torment resistance 1, petrification resistance
a: Renounce Religion, Berserk, Trog's Hand


You were on level 4 of the Dungeon.
You worshipped Trog.
Trog was pleased with you.
You visited 1 branch of the dungeon, and saw 4 of its levels.

You collected 111 gold pieces.

Inventory:

Hand Weapons
 a - a +0 mace (weapon)
 u - a +0 sling
 x - a +0 arbalest
Missiles
 c - 20 stones (quivered)
 l - 6 poisoned darts
Armour
 b - a +0 animal skin (worn)
 d - a +0 chain mail
 g - a +0 cloak (worn)
 q - a +0 kite shield (worn)
Jewellery
 f - a +6 ring of dexterity (left hand)
 v - a ring of see invisible (right hand)
Wands
 e - a wand of polymorph (9)
 t - a wand of paralysis (11)
Scrolls
 h - 2 scrolls of amnesia {unknown}
 k - a scroll of identify
 o - a scroll of noise {unknown}
 p - a scroll of teleportation {unknown}
Potions
 i - a potion of mutation
 j - a potion of degeneration
 m - a potion of might
 s - 4 potions of haste
 w - a potion of flight


   Skills:
 + Level 4.0 Fighting
 + Level 4.3 Maces & Flails
 * Level 3.3 Armour
 + Level 2.2 Dodging
 + Level 1.5 Stealth
 + Level 0.6 Shields


You had 4 spell levels left.
You didn't know any spells.
Your spell library was empty.

Dungeon Overview and Level Annotations

Branches:
Dungeon (4/15)
 Temple: D:4-7

Altars:
Ashenzari

Shops:
D:1 =


Innate Abilities, Weirdness & Mutations

You are immune to sickness and miasma.
Your stone body is resilient. (AC +4)
You are immune to poison.
You resist negative energy. (rN+)
You are resistant to electric shocks. (rElec)
You are resistant to unholy torment.
You are immune to petrification.


Message History

The black bear claws you but does no damage.
You block the black bear's attack.
You hit the black bear.
The black bear is heavily wounded.
The black bear closely misses you.
The black bear claws you but does no damage.
The black bear barely misses you. The black bear closely misses you.
You block the black bear's attack. The black bear claws you.
You hit the black bear.
The black bear is heavily wounded.
You block the black bear's attack.
The black bear claws you but does no damage. x2
You hit the black bear.
The black bear is heavily wounded.
The black bear closely misses you.
The black bear claws you but does no damage.
The black bear claws you.
You thump the black bear!
The black bear is almost dead.
The black bear barely misses you. x2
The black bear claws you but does no damage.
The black bear goes berserk!
You hit the black bear.
The black bear is almost dead.
The black bear bites you! The black bear barely misses you.
You block the black bear's attack. The black bear bites you!
* * * LOW HITPOINT WARNING * * *
The black bear claws you.
* * * LOW HITPOINT WARNING * * *
You block the black bear's attack.
A red film seems to cover your vision as you go berserk!
You feel yourself moving faster!
You feel mighty! The black bear bites you.
* * * LOW HITPOINT WARNING * * *
The black bear misses you.
The black bear claws you but does no damage.
You hit the black bear.
The black bear is almost dead.
The black bear bites you but does no damage.
You block the black bear's attack. The black bear claws you.
You die...

#......####.##...####
##....#......##.......
......>............###
.##.................
#....#...####...### .
####.....# #...# ...##
#.....# #...#
......##....## #
......h@#####
........# ..###....
..#_#....# ..#'#....#
# #.#####. # . ..


You could see a black bear (berserk).

Vanquished Creatures
  A hound (D:4)
  Natasha (thrice) (D:2)
  2 adders
  An ufetubus (D:4)
  A worm (D:3)
  A dart slug (D:3)
  5 ball pythons
  6 endoplasms
  A giant cockroach (D:4)
  6 kobolds
  3 quokkas
  5 bats
  A frilled lizard (D:2)
  5 goblins
  3 rats
44 creatures vanquished.

Notes
Turn   | Place    | Note
-------+----------+-------------------------------------------
     0 | D:1      | KittyFluff the Gargoyle Berserker began the quest for the
                  | Orb.
     0 | D:1      | Reached XP level 1. HP: 14/14 MP: 1/1
   574 | D:1      | Reached XP level 2. HP: 19/19 MP: 2/2
   828 | D:1      | Found Mimm's One-of-a-Kind Rings.
  1428 | D:2      | Identified the +7 spear of the Singing King {elec, rElec
                  | rF+ Int+2 SInv}
  1465 | D:2      | Noticed Natasha
  1469 | D:2      | Noticed a crimson imp
  1479 | D:2      | Noticed a crimson imp
  1479 | D:2      | Killed Natasha
  1480 | D:2      | Reached XP level 3. HP: 7/24 MP: 3/3
  1777 | D:2      | Noticed Natasha
  1791 | D:2      | Killed Natasha
  1792 | D:2      | Reached skill level 1 in Stealth
  1792 | D:2      | Reached XP level 4. HP: 29/29 MP: 4/4
  1802 | D:2      | Noticed Natasha
  1816 | D:2      | Killed Natasha
  2349 | D:3      | Reached XP level 5. HP: 33/33 MP: 5/5
  2650 | D:4      | Reached ** piety under Trog
  2777 | D:4      | Found a broken altar of Ashenzari.
  2787 | D:4      | Noticed a black bear
  2799 | D:4      | Slain by a black bear

Illustrated notes

Levels and vault maps discovered:
D:1:      dpeg_arrival_pond, layout_basic, nicolae_shop_unique_rings,
          dk_noncrumbling_3
D:2:      layout_rooms, minivault_11, dreamdust_wishing_well, solitary_fountain,
          uniq_natasha
D:3:      layout_rooms
D:4:      layout_basic, ashenzari_conservatory_becter, chequers_mini_garden

Skill      XL: |  1  2  3  4  5 |
---------------+----------------+-----
Stealth        | 1 |  1.5
Maces & Flails | 4 |  4.3
Armour         | 3 |  3.3
Dodging        | 2 |  2.2
Fighting       | 4 |  4.0
Shields        | |  0.6

Action                   |  1- 3 |  4- 6 || total
-------------------------+-------+-------++-------
Melee: Mace              |    74 |    98 ||   172
Invok: Berserk           |     1 |     1 ||     2
  Use: Scroll            |       |     5 ||     5
 Stab: Sleeping          |     1 |     3 ||     4
Armor: Animal skin       |    28 |    48 ||    76
Dodge: Dodged            |    50 |    64 ||   114
Block: Kite shield       |       |    48 ||    48
